 Dungeon Crawl Stone Soup version 0.28-a0-932-g843f935a50 (webtiles) character file.

Game seed: 9779781204005317209

65 ytrimaz the Grave Robber (level 3, -1/24 HPs)
             Began as a Demonspawn Necromancer on Nov 28, 2021.
             Killed by divine providence
             ... invoked by an orc priest
              (11 damage)
             ... on level 4 of the Dungeon.
             The game lasted 00:03:08 (3070 turns).

ytrimaz the Grave Robber (Demonspawn Necromancer)   Turns: 3070, Time: 00:03:08

Health: -1/24      AC:  8    Str:  8    XL:     3   Next: 92%
Magic:  6/7        EV: 12    Int: 17    God:
Gold:   108        SH:  0    Dex: 13    Spells: 3/7 levels left

rFire   . . .      SeeInvis .   (no weapon)
rCold   . . .      Faith    .   (no shield)
rNeg    . . .      Spirit   .   n - +3 leather armour
rPois   .          Reflect  .   k - +0 helmet
rElec   .          Harm     .   (no cloak)
rCorr   .          Rampage  .   (no gloves)
Will    .....                   m - +0 pair of boots
Stlth   ++........              (no amulet)
HPRegen 0.08/turn               (no ring)
MPRegen 0.10/turn               (no ring)

@: no status effects
A: sturdy frame 1
a: no special abilities


You were on level 4 of the Dungeon.
You visited 1 branch of the dungeon, and saw 4 of its levels.

You collected 108 gold pieces.

Inventory:

Missiles
 b - 4 javelins
Armour
 k - a +0 helmet (worn)
 m - a +0 pair of boots (worn)
 n - a +3 leather armour (worn)
Scrolls
 a - a scroll of magic mapping
 h - a scroll of immolation
 j - 2 scrolls of teleportation
 o - a scroll of brand weapon {unknown}
Potions
 c - 6 potions of curing
 d - a potion of cancellation
 e - a potion of haste
 f - a potion of invisibility {unknown}
 g - a potion of heal wounds {unknown}
 i - a potion of brilliance {unknown}
 l - a potion of might {unknown}


   Skills:
 + Level 0.1 Throwing
 + Level 1.9 Dodging
 - Level 1.7 Stealth
 + Level 2.9 Spellcasting
 + Level 5.4 Necromancy


You had 3 spell levels left.
You knew the following spells:

 Your Spells              Type           Power      Damage    Failure   Level
a - Pain                  Necr           80%        1d8       1%          1
b - Vampiric Draining     Necr           20%        2d7       6%          3

Your spell library contained the following spells:

 Spells                   Type           Power      Damage    Failure   Level
 Animate Skeleton         Necr           40%        N/A       1%          1
 Foxfire                  Conj/Fire      8%         2x1d4     19%         1
 Conjure Flame            Conj/Fire      2%         6-21      50%         3
 Inner Flame              Hex/Fire       2%         N/A       50%         3
 Animate Dead             Necr           10%        N/A       21%         4
 Agony                    Necr           20%        N/A       50%         5
 Flame Wave               Conj/Fire      2%         3d3       88%         4


Dungeon Overview and Level Annotations

Branches:
Dungeon (4/15)
 Temple: D:4-7

Altars:
Makhleb
Ru
Sif Muna
Trog

Annotations:
D:4 Edmund


Innate Abilities, Weirdness & Mutations

Your movements are slightly less encumbered by armour. (ER -2)


Message History

Done exploring.
Done exploring.
There is an open door here.
There is a stone staircase leading down here.
You climb downwards.
There is a stone staircase leading up here.
Found a twisted runed staff.
o - a scroll labelled TIEM NISHAXE
Found a hunting sling.
You open the door.
There is an open door here.
Found 24 stones.
An orc priest comes into view.
It is wielding a +0 dagger and wearing a +0 ring mail of fire resistance.
The orc priest shouts!
An orc wizard comes into view. It is wielding a +0 dagger. x2
The orc wizard shouts!
You hear a shout! x3
An orc priest comes into view. It is wielding a +0 club.
The orc priest writhes in agony.
The orc wizard shouts!
Edmund the Younger comes into view.
He is wielding a +1 flail of protection.
The orc wizard points at you and mumbles some strange words.
You are confused.
An ogre comes into view. It is wielding a +0 giant spiked club.
Unknown command.
The orc priest begins to cast a cantrip, but forgets the words!
The ogre shouts!
The orc priest invokes the aid of Beogh against you.
Beogh smites you!
You hear a shout!
An orc comes into view. It is wielding a +0 whip.
A goblin comes into view. It is wielding a +0 dagger.
The orc wizard gestures wildly while chanting.
The orc wizard flickers and vanishes!
Deactivating autopickup; reactivate with Ctrl-A.
The orc priest miscasts a cantrip.
Edmund hits you with a +1 flail of protection.
You feel less confused.
The orc priest calls down the wrath of Beogh upon you.
Beogh smites you!
You die...

... #..... ...o##.... ##
...O#...@. #. .........
#. ...o..#.. #.
#...o.{.############# #.
......o.@...........####.
#..............#).....'.
#g.....@.......#.#.####.
................#.#....#.
...#............#.####.#.
.. #............#........
# #............#...#.#.#
#............#...#...#
#............#...#####
#.(..........#...#
#............#...#


You could see Edmund, an ogre, 2 orc priests, an orc wizard, an orc and a
goblin.

Vanquished Creatures
  A gnoll (D:1)
  A worm (D:2)
  2 dart slugs
  4 orcs (D:3)
  5 ball pythons
  4 endoplasms
  7 goblins
  3 hobgoblins
  3 quokkas
  5 bats
  3 frilled lizards
  2 kobolds (D:1)
  2 rats (D:3)
42 creatures vanquished.

Notes
Turn   | Place    | Note
-------+----------+-------------------------------------------
     0 | D:1      | ytrimaz the Demonspawn Necromancer began the quest for the
                  | Orb.
     0 | D:1      | Reached XP level 1. HP: 13/13 MP: 3/3
   193 | D:1      | Gained mutation: Your movements are slightly less
                  | encumbered by armour. (ER -2) [demonic ancestry]
   193 | D:1      | Reached XP level 2. HP: 5/19 MP: 0/5
   509 | D:1      | Reached skill level 5 in Necromancy
   537 | D:1      | Found a faded altar of an unknown god.
  1235 | D:2      | Reached XP level 3. HP: 20/24 MP: 2/6
  1239 | D:2      | Learned a level 3 spell: Vampiric Draining
  1377 | D:2      | Found a burning altar of Makhleb.
  1895 | D:2      | Found a shimmering blue altar of Sif Muna.
  2041 | D:3      | Found a bloodstained altar of Trog.
  2332 | D:3      | Found a shimmering blue altar of Sif Muna.
  2346 | D:3      | Found a sacrificial altar of Ru.
  3065 | D:4      | Noticed Edmund
  3065 | D:4      | Noticed an ogre
  3070 | D:4      | Killed from afar by an orc priest

Illustrated notes

Levels and vault maps discovered:
D:1:      saegor_arrival_simple_d, layout_rooms,
          dreamdust_ecumenical_altar_angels_and_demons, roderic_three_in_a_row,
          roderic_st_hans_cross
D:2:      layout_basic, basic_altar, kennysheep_flooded_box
D:3:      layout_basic, mainiacjoe_overflow_boulevard,
          chequers_temple_overflow_statue_of_worship, bh_walls_and_bars
D:4:      layout_basic, mainiacjoe_overflow_alcove_4, uniq_duvessa,
          uniq_crazy_yiuf_cottage, uniq_edmund

Skill      XL: |  1  2 |
---------------+-------+-----
Necromancy     | 5 |  5.4
Throwing       | |  0.1
Dodging        | |  1.9
Stealth        | |  1.7
Spellcasting   | |  2.9

Action                   || total
-------------------------++-------
Throw: Javelin           ||     7
 Cast: Pain              ||    70
  Use: Scroll            ||    10
Armor: Robe              ||     8
       Leather armour    ||     1
Dodge: Dodged            ||    16

Table legend: (Time is in decaauts)
 A = Elapsed time spent in this place.
 B = Non-inter-level travel time spent in this place.
 C = Inter-level travel time spent in this place.
 D = Time resting spent in this place.
 E = Time spent auto-exploring this place.
 F = Levels seen in this place.
 G = Mean time per level.
                   A        B        C        D        E       F      G
               +--------+--------+--------+--------+--------+-----+--------+
         Total |   3073 |   3011 |     62 |     23 |   2645 |   4 |  768.2 |
       Dungeon |   3073 |   3011 |     62 |     23 |   2645 |   4 |  768.2 |
               +--------+--------+--------+--------+--------+-----+--------+

Top non-repeatable levels by time:
     D:1: 1234 daAuts
     D:3: 913 daAuts
     D:2: 771 daAuts
     D:4: 153 daAuts
